AoeStats
← y.h-95

Arabia

510801676Analyzed
1v1 RM · 11h ago on Oct 2, 2026· 28m 13s· 2 players
Game mode
Random Map
Map size
Tiny (2 player)
Population
200
Speed
Normal
Resources
Standard
Victory
Conquest
Starting age
Dark Age
Ending age
Imperial Age
RankedLock teamsTeams togetherTeam positionsShared explorationLock speedFull tech treeHidden civsTurbo modeCheats
Victory
Defeat
🇨🇭 Teutons · Switzerland
808
+16
🇨🇷 Magyars · Costa Rica
817
-42
y.h-95
3:01 Loom
12:11 Feudal Age
12:49 Double-Bit Axe
12:47 Horse Collar
13:47 Wheelbarrow
16:14 Scale Barding Armor
17:54 Forging
22:11 Fletching
22:21 Padded Archer Armor
24:26 Castle Age
24:19 Bloodlines
24:42 Crossbowman
26:31 Chain Barding Armor
26:55 Heavy Plow
27:09 Bow Saw
27:49 Hand Cart
29:09 Iron Casting
28:29 Bodkin Arrow
santi12341234pi
5:04 Loom
14:29 Feudal Age
15:38 Horse Collar
16:40 Padded Archer Armor
18:33 Town Watch
26:45 Bloodlines
Connection lost

Rejoining the realm…

Still unreachable

The connection could not be restored.

Session expired

The server has moved on; the page needs a fresh start.